% Time on Ice - OAKLAND GORILLAS
Lines # - Real PCT - Wanted PCT - Time Play
Normal Forward
1 - 31% - 30% - 14:02
2 - 28% - 30% - 12:57
3 - 34% - 30% - 15:17
4 - 7% - 10% - 3:12
Normal Defense
1 - 35% - 36% - 16:03
2 - 28% - 31% - 12:42
3 - 32% - 23% - 14:26
4 - 5% - 10% - 2:17
PP Forward
1 - 49% - 55% - 2:51
2 - 51% - 45% - 2:57
PP Defense
1 - 47% - 55% - 2:45
2 - 53% - 45% - 3:03
PK Forward
1 - 60% - 55% - 5:04
2 - 40% - 45% - 3:25
PK Defense
1 - 50% - 55% - 4:15
2 - 50% - 45% - 4:14
PK3 Forward
1 - 0% - 55%
2 - 0% - 45%
PK3 Defense
1 - 0% - 55%
2 - 0% - 45%
44 Forward
1 - 100% - 55% - 0:15
2 - 0% - 45% - 0:00
44 Defense
1 - 0% - 55% - 0:00
2 - 100% - 45% - 0:15
Last Minute Offensive  - 0:00
Last Minute Defensive  - 0:00
Total
Forward - 60:00
Defense - 60:00
% Time on Ice - EDMONTON ICE
Lines # - Real PCT - Wanted PCT - Time Play
Normal Forward
1 - 35% - 37% - 15:59
2 - 37% - 34% - 16:45
3 - 23% - 23% - 10:16
4 - 5% - 6% - 2:28
Normal Defense
1 - 37% - 37% - 16:50
2 - 32% - 33% - 14:31
3 - 25% - 23% - 11:12
4 - 6% - 7% - 2:55
PP Forward
1 - 50% - 55% - 4:14
2 - 50% - 45% - 4:15
PP Defense
1 - 70% - 55% - 5:54
2 - 30% - 45% - 2:35
PK Forward
1 - 82% - 57% - 4:44
2 - 18% - 43% - 1:04
PK Defense
1 - 40% - 57% - 2:18
2 - 60% - 43% - 3:30
PK3 Forward
1 - 0% - 55%
2 - 0% - 45%
PK3 Defense
1 - 0% - 55%
2 - 0% - 45%
44 Forward
1 - 100% - 55% - 0:15
2 - 0% - 45% - 0:00
44 Defense
1 - 100% - 55% - 0:15
2 - 0% - 45% - 0:00
Last Minute Offensive  - 0:00
Last Minute Defensive  - 0:00
Total
Forward - 60:00
Defense - 60:00
Play-by-Play 1st period 0:01 of 1st period - Nico Hischier wins face-off versus Ryan O'Reilly in neutral zone. 1:03 of 1st period - Shot by Timo Meier. 1:03 of 1st period - Goal by Timo Meier - OAKLAND GORILLAS : 0 - EDMONTON ICE : 1. 1:04 of 1st period - Alexander Wennberg wins face-off versus Joel Eriksson Ek in neutral zone. 1:04 of 1st period - Alexander Wennberg is hit by Timo Meier. 1:12 of 1st period - Timo Meier is hit by Jack Roslovic and loses puck. 1:16 of 1st period - Timo Meier is hit by Jack Roslovic and loses puck. 1:43 of 1st period - Shot by Patric Hornqvist. 1:43 of 1st period - Deflect By Timo Meier. 1:43 of 1st period - Shot Misses the Net. 1:45 of 1st period - Shot by Timo Meier. 1:45 of 1st period - Shot Misses the Net. 1:49 of 1st period - Shot by Patric Hornqvist. 1:49 of 1st period - Shot Misses the Net. 2:09 of 1st period - Shot by Boone Jenner. 2:09 of 1st period - Stopped by Louis Domingue with a rebound. 2:11 of 1st period - Shot by Boone Jenner. 2:11 of 1st period - Shot Blocked by Alexander Wennberg. 2:13 of 1st period - Shot by Jack Johnson. 2:13 of 1st period - Shot Blocked by Jack Roslovic. 2:18 of 1st period - Boone Jenner is hit by Nikita Zadorov. 2:26 of 1st period - Shot by Ondrej Kase. 2:26 of 1st period - Stopped by Louis Domingue without a rebound. 2:27 of 1st period - Ryan O'Reilly wins face-off versus Colin White in OAKLAND GORILLAS zone. 2:45 of 1st period - Michael Dal Colle is hit by Ryan Graves and loses puck. 3:31 of 1st period - Shot by Boone Jenner. 3:31 of 1st period - Shot Misses the Net. 3:33 of 1st period - Shot by Boone Jenner. 3:33 of 1st period - Stopped by Louis Domingue without a rebound. 3:34 of 1st period - Joel Eriksson Ek wins face-off versus Nico Hischier in OAKLAND GORILLAS zone. 3:35 of 1st period - Shot by Timo Meier. 3:35 of 1st period - Shot Misses the Net. 4:36 of 1st period - Shot by Colin White. 4:36 of 1st period - Stopped by Philipp Grubauer without a rebound. 4:37 of 1st period - Mikko Koivu wins face-off versus Alexander Wennberg in EDMONTON ICE zone. 4:46 of 1st period - Icing by Ondrej Kase. 4:47 of 1st period - Mikko Koivu wins face-off versus Jack Roslovic in EDMONTON ICE zone. 5:12 of 1st period - Jack Roslovic is hit by Ondrej Kase and loses puck. 5:41 of 1st period - Shot by Ryan O'Reilly. 5:41 of 1st period - Stopped by Louis Domingue without a rebound. 5:42 of 1st period - Ryan O'Reilly wins face-off versus Colin White in OAKLAND GORILLAS zone. 5:42 of 1st period - Anthony Mantha is hit by Erik Gudbranson and loses puck. 7:00 of 1st period - Shot by Lucas Wallmark. 7:00 of 1st period - Shot Misses the Net. 7:02 of 1st period - Shot by Nico Hischier. 7:02 of 1st period - Shot Misses the Net. 8:52 of 1st period - Shot by Ondrej Kase. 8:52 of 1st period - Shot Misses the Net. 8:54 of 1st period - Shot by Jack Johnson. 8:54 of 1st period - Shot Blocked by Kurtis MacDermid. 9:46 of 1st period - Shot by Anthony Mantha. 9:46 of 1st period - Stopped by Louis Domingue with a rebound. 10:04 of 1st period - Shot by Jaden Schwartz. 10:04 of 1st period - Stopped by Louis Domingue without a rebound. 10:05 of 1st period - Joel Eriksson Ek wins face-off versus Nico Hischier in OAKLAND GORILLAS zone. 10:27 of 1st period - Icing by Ryan Graves. 10:28 of 1st period - Lucas Wallmark wins face-off versus Joel Eriksson Ek in EDMONTON ICE zone. 10:31 of 1st period - Shot by Nick Leddy. 10:31 of 1st period - Deflect By Joel Farabee. 10:31 of 1st period - Shot Misses the Net. 10:36 of 1st period - Off-side. 10:37 of 1st period - Nico Hischier wins face-off versus Ryan O'Reilly in neutral zone. 10:40 of 1st period - Shot by Tyler Toffoli. 10:40 of 1st period - Stopped by Philipp Grubauer without a rebound. 10:41 of 1st period - Nico Hischier wins face-off versus Ryan O'Reilly in EDMONTON ICE zone. 11:09 of 1st period - Shot by Jaden Schwartz. 11:09 of 1st period - Stopped by Louis Domingue without a rebound. 11:10 of 1st period - Jonathan Drouin wins face-off versus Mikko Koivu in OAKLAND GORILLAS zone. 11:35 of 1st period - Shot by Jonathan Drouin. 11:35 of 1st period - Shot Misses the Net. 11:37 of 1st period - Shot by Nikita Zadorov. 11:37 of 1st period - Shot Misses the Net. 11:44 of 1st period - Off-side. 11:45 of 1st period - Nico Hischier wins face-off versus Joel Eriksson Ek in neutral zone. 11:51 of 1st period - Nico Hischier is hit by Ryan Graves. 12:50 of 1st period - Shot by Anthony Mantha. 12:50 of 1st period - Shot Misses the Net. 13:24 of 1st period - Nico Hischier is hit by Shea Theodore. 13:31 of 1st period - Icing by Jakob Chychrun. 13:32 of 1st period - Tyler Toffoli wins face-off versus Mikko Koivu in OAKLAND GORILLAS zone. 13:38 of 1st period - Off-side. 13:39 of 1st period - Colin White wins face-off versus Mikko Koivu in neutral zone. 14:09 of 1st period - Alexander Nylander is hit by Jeff Petry and loses puck. 14:40 of 1st period - Timo Meier is hit by Nikita Zadorov and loses puck. 14:54 of 1st period - Icing by Mikhail Sergachev. 14:55 of 1st period - Ryan O'Reilly wins face-off versus Alexander Wennberg in OAKLAND GORILLAS zone. 14:55 of 1st period - Ryan O'Reilly is hit by Nikita Zadorov. 15:06 of 1st period - Anthony Mantha is hit by Nikita Zadorov and loses puck. 15:16 of 1st period - Minor Penalty to Nikita Zadorov for Roughing. 15:17 of 1st period - Ryan O'Reilly wins face-off versus Nico Hischier in OAKLAND GORILLAS zone. 15:58 of 1st period - Shot by Patric Hornqvist. 15:58 of 1st period - Shot Misses the Net. 17:13 of 1st period - Shot by Timo Meier. 17:13 of 1st period - Stopped by Louis Domingue without a rebound. 17:14 of 1st period - Nico Hischier wins face-off versus Joel Eriksson Ek in OAKLAND GORILLAS zone. 18:13 of 1st period - Shot by Anthony Mantha. 18:13 of 1st period - Deflect By Ryan O'Reilly. 18:13 of 1st period - Shot Blocked by Nikita Zadorov. 18:21 of 1st period - Shot by Anthony Mantha. 18:21 of 1st period - Stopped by Louis Domingue with a rebound. 18:25 of 1st period - Shot by Jaden Schwartz. 18:25 of 1st period - Shot Blocked by Nikita Zadorov. 18:27 of 1st period - Shot by Anthony Mantha. 18:27 of 1st period - Goal by Anthony Mantha - OAKLAND GORILLAS : 0 - EDMONTON ICE : 2. 18:28 of 1st period - Joel Eriksson Ek wins face-off versus Tyler Toffoli in neutral zone. 18:28 of 1st period - Joel Eriksson Ek is hit by Andreas Johnsson. 18:42 of 1st period - Shot by Patric Hornqvist. 18:42 of 1st period - Shot Hit the Post. 18:46 of 1st period - Shot by Patric Hornqvist. 18:46 of 1st period - Stopped by Louis Domingue with a rebound. 18:50 of 1st period - Shot by Timo Meier. 18:50 of 1st period - Shot Misses the Net. 18:52 of 1st period - Shot by Joel Eriksson Ek. 18:52 of 1st period - Stopped by Louis Domingue without a rebound. 18:53 of 1st period - Alexander Wennberg wins face-off versus Mikko Koivu in OAKLAND GORILLAS zone. Goals for this period are 0 for OAKLAND GORILLAS vs 2 for EDMONTON ICE. Shots for this period are 2 for OAKLAND GORILLAS vs 13 for EDMONTON ICE. 2nd period 0:01 of 2nd period - Joel Eriksson Ek wins face-off versus Nico Hischier in neutral zone. 0:14 of 2nd period - Shot by Andreas Johnsson. 0:14 of 2nd period - Stopped by Philipp Grubauer without a rebound. 0:15 of 2nd period - Ryan O'Reilly wins face-off versus Colin White in EDMONTON ICE zone. 0:29 of 2nd period - Alexander Nylander is hit by Jack Johnson and loses puck. 0:33 of 2nd period - Minor Penalty to Jack Johnson for Tripping. 0:34 of 2nd period - Boone Jenner wins face-off versus Nico Hischier in EDMONTON ICE zone. 1:11 of 2nd period - Shot by Andreas Johnsson. 1:11 of 2nd period - Shot Misses the Net. 1:13 of 2nd period - Shot by Nico Hischier. 1:13 of 2nd period - Shot Blocked by Calvin De Haan. 1:15 of 2nd period - Shot by Nico Hischier. 1:15 of 2nd period - Deflect By Tyler Toffoli. 1:15 of 2nd period - Stopped by Philipp Grubauer without a rebound. 1:16 of 2nd period - Alexander Wennberg wins face-off versus Mikko Koivu in EDMONTON ICE zone. 1:42 of 2nd period - Shot by Mikhail Sergachev. 1:42 of 2nd period - Shot Misses the Net. 1:46 of 2nd period - Shot by Alexander Wennberg. 1:46 of 2nd period - Stopped by Philipp Grubauer without a rebound. 1:47 of 2nd period - Mikko Koivu wins face-off versus Nico Hischier in EDMONTON ICE zone. 2:13 of 2nd period - Shot by Jakob Chychrun. 2:13 of 2nd period - Shot Misses the Net. 2:15 of 2nd period - Shot by Nick Leddy. 2:15 of 2nd period - Stopped by Philipp Grubauer without a rebound. 2:16 of 2nd period - Boone Jenner wins face-off versus Jonathan Drouin in EDMONTON ICE zone. 2:16 of 2nd period - Boone Jenner is hit by Jonathan Drouin. 2:17 of 2nd period - Minor Penalty to Jonathan Drouin for Boarding. 2:18 of 2nd period - Ryan O'Reilly wins face-off versus Nico Hischier in OAKLAND GORILLAS zone. 3:10 of 2nd period - Icing by Anthony Mantha. 3:11 of 2nd period - Nico Hischier wins face-off versus Joel Eriksson Ek in EDMONTON ICE zone. 3:21 of 2nd period - Nico Hischier is hit by Anthony Mantha and loses puck. 4:08 of 2nd period - Shot by Patric Hornqvist. 4:08 of 2nd period - Stopped by Louis Domingue with a rebound. 5:28 of 2nd period - Shot by Joel Farabee. 5:28 of 2nd period - Deflect By Nico Hischier. 5:28 of 2nd period - Shot Misses the Net. 5:31 of 2nd period - Minor Penalty to Jack Johnson for Holding. 5:32 of 2nd period - Ryan O'Reilly wins face-off versus Alexander Wennberg in EDMONTON ICE zone. 6:55 of 2nd period - Shot by Andreas Johnsson. 6:55 of 2nd period - Shot Hit the Post. 6:57 of 2nd period - Shot by Jakob Chychrun. 6:57 of 2nd period - Deflect By Tyler Toffoli. 6:57 of 2nd period - Stopped by Philipp Grubauer with a rebound. 7:23 of 2nd period - Shot by Mikhail Sergachev. 7:23 of 2nd period - Deflect By Jonathan Drouin. 7:23 of 2nd period - Stopped by Philipp Grubauer with a rebound. 7:25 of 2nd period - Shot by Alexander Wennberg. 7:25 of 2nd period - Deflect By Jonathan Drouin. 7:25 of 2nd period - Shot Blocked by Jeff Petry. 7:27 of 2nd period - Shot by Nikita Zadorov. 7:27 of 2nd period - Stopped by Philipp Grubauer without a rebound. 7:28 of 2nd period - Mikko Koivu wins face-off versus Nico Hischier in EDMONTON ICE zone. 7:43 of 2nd period - Shot by Joel Eriksson Ek. 7:43 of 2nd period - Shot Blocked by Kurtis MacDermid. 7:45 of 2nd period - Shot by Joel Eriksson Ek. 7:45 of 2nd period - Deflect By Timo Meier. 7:45 of 2nd period - Shot Blocked by Erik Gudbranson. 7:58 of 2nd period - Icing by Colin White. 7:59 of 2nd period - Jaden Schwartz wins face-off versus Colin White in OAKLAND GORILLAS zone. 8:05 of 2nd period - Icing by Kurtis MacDermid. 8:06 of 2nd period - Colin White wins face-off versus Ryan O'Reilly in OAKLAND GORILLAS zone. 8:08 of 2nd period - Icing by Alexander Nylander. 8:09 of 2nd period - Ryan O'Reilly wins face-off versus Colin White in OAKLAND GORILLAS zone. 8:17 of 2nd period - Colin White is hit by Jack Johnson and loses puck. 8:27 of 2nd period - Colin White is hit by Calvin De Haan and loses puck. 9:11 of 2nd period - Icing by Anthony Mantha. 9:12 of 2nd period - Alexander Wennberg wins face-off versus Ryan O'Reilly in EDMONTON ICE zone. 9:28 of 2nd period - Minor Penalty to Alexander Wennberg for Holding. 9:29 of 2nd period - Nico Hischier wins face-off versus Ondrej Kase in OAKLAND GORILLAS zone. 10:29 of 2nd period - Shot by Jack Roslovic. 10:29 of 2nd period - Shot Misses the Net. 10:53 of 2nd period - Off-side. 10:54 of 2nd period - Ryan O'Reil